 Dungeon Crawl Stone Soup version 0.28.0-43-g3370ac3207 (webtiles) character file.

Game seed: 10882801146505641981

342 tizbic2 the Firebug (level 6, -1/57 HPs)
             Began as a Troll Fire Elementalist on Mar 12, 2022.
             Was a Follower of Uskayaw.
             Slain by a hornet (11 damage)
             ... on level 4 of the Dungeon.
             The game lasted 00:14:04 (1549 turns).

tizbic2 the Firebug (Troll Fire Elementalist)       Turns: 1549, Time: 00:14:05

Health: -1/57      AC:  4    Str: 17    XL:     6   Next: 30%
Magic:  1/8        EV:  9    Int: 15    God:    Uskayaw [*.....]
Gold:   133        SH:  0    Dex: 10    Spells: 6/9 levels left

rFire   + . .      SeeInvis .   a - +3 whip (vamp)
rCold   . . .      Faith    .   (no shield)
rNeg    . . .      Spirit   .   f - +0 robe
rPois   .          Reflect  .   (helmet restricted)
rElec   .          Harm     .   (no cloak)
rCorr   .          Rampage  .   (gloves unavailable)
Will    +....                   (boots unavailable)
Stlth   +.........              (no amulet)
HPRegen 0.99/turn               c - ring of protection from fire
MPRegen 0.11/turn               (no ring)

@: about to teleport, slowed, very slow
A: large, unfitting armour, claws 3, regeneration 1, shaggy fur 1, tough skin 1,
hooves 1, clever 1, strong-willed 1, wild magic 1
a: Renounce Religion, Stomp


You were on level 4 of the Dungeon.
You worshipped Uskayaw.
Uskayaw was noncommittal.
You visited 1 branch of the dungeon, and saw 4 of its levels.

You collected 133 gold pieces.

Inventory:

Hand Weapons
 a - a +3 vampiric whip (weapon)
 w - the +8 mace "Leviticus" {antimagic, Will+ Str+3 Dex+2}
   (You found it on level 2 of the Dungeon)

   It reduces the magical energy of the wielder, and disrupts the spells and
   magical abilities of those it strikes.
   Natural abilities and divine invocations are not affected.
   Str:       It affects your strength (+3).
   Dex:       It affects your dexterity (+2).
   Will:      It increases your willpower.
Armour
 f - a +0 robe (worn)
Jewellery
 c - a ring of protection from fire (left claw)
Wands
 i - a wand of flame (5)
Scrolls
 g - a scroll of teleportation
 h - a scroll of identify
Potions
 b - a potion of invisibility {unknown}
 e - a potion of berserk rage {unknown}


   Skills:
 + Level 1.7 Fighting
 - Level 0.5 Short Blades
 * Level 2.2 Maces & Flails
 - Level 1.5 Dodging
 - Level 1.0 Stealth
 + Level 2.3 Unarmed Combat
 + Level 2.0 Spellcasting
 + Level 1.9 Conjurations
 + Level 2.9 Fire Magic


You had 6 spell levels left.
You knew the following spells:

 Your Spells              Type           Power      Damage    Failure   Level
a - Foxfire               Conj/Fire      44%        2x1d6     13%         1
b - Scorch                Fire           26%        2d6       14%         2

Your spell library contained the following spells:

 Spells                   Type           Power      Damage    Failure   Level
 Magic Dart               Conj           36%        1d4       14%         1
 Conjure Flame            Conj/Fire      11%        6-21      32%         3
 Call Imp                 Summ           1%         N/A       41%         2
 Inner Flame              Hex/Fire       7%         N/A       45%         3
 Mephitic Cloud           Conj/Pois/Air  4%         N/A       54%         3
 Ozocubu's Armour         Ice            1%         N/A       63%         3
 Flame Wave               Conj/Fire      11%        2d5       71%         4
 Metabolic Englaciation   Hex/Ice        0%         N/A       100%        5
 Simulacrum               Ice/Necr       0%         N/A       100%        6


Dungeon Overview and Level Annotations

Branches:
Dungeon (4/15)
 Temple: D:4-7

Altars:
Uskayaw

Shops:
D:4 :


Innate Abilities, Weirdness & Mutations

You are too large for most types of armour.
You have claws for hands.
Your natural rate of healing is unusually fast.
You are covered in fur. (AC +1)
You have tough skin. (AC +1)
You have large cloven feet.
Your mind is acute. (Int +2)
You are strong-willed. (Will+)
Your spells are a little harder to cast, but a little more powerful.


Message History

The hornet is heavily wounded.
You feel very sick. The hornet completely misses you. The hornet stings you.
You feel as though you will be slow longer.
The worm bites you but does no damage. The hornet barely misses you.
The worm bites you.
You can no longer pass through a line of other dancers.
Okay, then.
Casting: Foxfire (safe; 13% risk of failure)
Confirm with . or Enter, or press ? or * to list all spells.
You conjure some foxfire!
You feel sick. The hornet closely misses you. The hornet stings you.
* * * LOW HITPOINT WARNING * * *
You feel as though you will be slow longer.
Okay, then.
You feel better.
The foxfire hits the hornet.
The hornet is heavily wounded.
The foxfire hits the hornet.
The hornet is heavily wounded.
The hornet barely misses you. The hornet stings you!
* * * LOW HITPOINT WARNING * * *
You feel as though you will be slow longer.
The worm closely misses you.
You feel magic returning to you.
You feel a sense of dread.
a - a +3 vampiric whip (weapon)
The hornet stings you.
* * * LOW HITPOINT WARNING * * *
You feel as though you will be slow longer.
The worm barely misses you. The hornet stings you.
* * * LOW HITPOINT WARNING * * *
You are poisoned.
You feel as though you will be slow longer.
You feel better. The hornet closely misses you. The hornet stings you.
* * * LOW HITPOINT WARNING * * *
You feel as though you will be slow longer.
The worm bites you.
* * * LOW HITPOINT WARNING * * *
As you read the scroll of teleportation, it crumbles to dust.
You feel strangely unstable. The hornet stings you!
You die...

........#...............
........###...##........ .
........# #.............
..........# #............#
..........######.........#
....###..................#
.........................#
........w.................
........y@..............†.
.....!...............(..#.
.......###########...####.
....$.. #...# #. .......
#...# #. ....... #...# #.
....... #...# #. .......
#..^# ## #...#


You could see a hornet and a worm.

Vanquished Creatures
  3 hounds
  A jelly (D:4)
  2 orc priests (D:3)
  2 orc wizards (D:3)
  3 adders (D:2)
  A white imp (D:3)
  4 dart slugs
  3 orcs (D:3)
  7 ball pythons
  11 bats
  6 endoplasms
  2 giant cockroaches (D:1)
  4 goblins
  9 hobgoblins
  4 quokkas
  3 frilled lizards
  4 kobolds
  2 rats
71 creatures vanquished.

Vanquished Creatures (others)
  52 foxfires
52 creatures vanquished.

Grand Total: 123 creatures vanquished

Notes
Turn   | Place    | Note
-------+----------+-------------------------------------------
     0 | D:1      | tizbic2 the Troll Fire Elementalist began the quest for the
                  | Orb.
     0 | D:1      | Reached XP level 1. HP: 16/16 MP: 1/1
    22 | D:1      | Found a faded altar of an unknown god.
    30 | D:1      | Prayed at the altar of an unknown god.
    30 | D:1      | Became a worshipper of Uskayaw the Reveller
    30 | D:1      | Reached * piety under Uskayaw
   131 | D:1      | Reached XP level 2. HP: 24/24 MP: 3/3
   131 | D:1      | Reached ** piety under Uskayaw
   145 | D:1      | Reached *** piety under Uskayaw
   160 | D:1      | Reached skill level 1 in Unarmed Combat
   171 | D:1      | Reached skill level 1 in Conjurations
   282 | D:1      | Learned a level 2 spell: Scorch
   352 | D:1      | Reached XP level 3. HP: 24/32 MP: 1/4
   646 | D:2      | Identified the +8 mace "Leviticus" {antimagic, Will+ Str+3
                  | Dex+2}
   747 | D:2      | Reached skill level 1 in Fighting
   747 | D:2      | Reached XP level 4. HP: 41/41 MP: 1/5
   803 | D:2      | Gained mutation: You have large cloven feet. [potion of
                  | mutation]
   803 | D:2      | Gained mutation: Your spells are a little harder to cast,
                  | but a little more powerful. [potion of mutation]
   803 | D:2      | Gained mutation: You are strong-willed. (Will+) [potion of
                  | mutation]
   803 | D:2      | Gained mutation: Your mind is acute. (Int +2) [potion of
                  | mutation]
   921 | D:3      | Reached skill level 1 in Maces & Flails
   923 | D:3      | Reached **** piety under Uskayaw
   925 | D:3      | Reached XP level 5. HP: 19/48 MP: 2/6
  1230 | D:4      | Found Doroe's Book Emporium.
  1270 | D:4      | Reached XP level 6. HP: 50/55 MP: 0/7
  1537 | D:4      | Noticed a hornet
  1549 | D:4      | Slain by a hornet

Illustrated notes

Levels and vault maps discovered:
D:1:      psy_arrival_dodecagon, layout_rooms,
          hellmonk_ecumenical_altar_leap_of_faith
D:2:      layout_basic, minmay_misc_feat_columns
D:3:      layout_rooms
D:4:      layout_basic, minmay_temple_entry_offerings, serial_shops,
          nicolae_stop_n_shop_2

Skill      XL: |  1  2  3  4  5  6 |
---------------+-------------------+-----
Unarmed Combat | 1 2 |  2.3
Conjurations   | 1 |  1.9
Fighting       | 1 |  1.7
Maces & Flails | 1 2 |  2.2
Spellcasting   | 2 |  2.0
Short Blades   | |  0.5
Dodging        | |  1.5
Stealth        | |  1.0
Fire Magic     | |  2.9

Action                   |  1- 3 |  4- 6 || total
-------------------------+-------+-------++-------
Melee: Unarmed           |    25 |       ||    25
       Dagger            |    49 |       ||    49
       Whip              |     9 |       ||     9
       Mace              |     3 |    69 ||    72
       Kick              |       |    14 ||    14
 Cast: Foxfire           |    20 |     9 ||    29
       Scorch            |       |     1 ||     1
  Use: Scroll            |     2 |     3 ||     5
       Potion            |       |     3 ||     3
 Stab: Sleeping          |     1 |     3 ||     4
       Paralysed         |       |     1 ||     1
Armor: Robe              |    35 |    21 ||    56
Dodge: Dodged            |    46 |    46 ||    92
